 Dungeon Crawl Stone Soup version 0.21.0 (webtiles) character file.

1096 Hekarica the Chopper (level 8, -4/43 HPs)
             Began as a Vine Stalker Fighter on May 20, 2018.
             Was a Follower of Fedhas.
             Slain by a troll (6 damage)
             ... on level 5 of the Dungeon.
             The game lasted 00:34:04 (3879 turns).

Hekarica the Chopper (Vine Stalker Fighter)         Turns: 3879, Time: 00:34:05

Health: -4/43      AC: 10    Str: 20    XL:     8   Next: 31%
Magic:  0/12       EV:  7    Int:  8    God:    Fedhas [*.....]
Gold:   202        SH: 10    Dex: 15    Spells: 7/12 levels left

rFire    . . .     SeeInvis .   a - +1 war axe
rCold    . . .     Gourm    .   c - +1 shield
rNeg     . . .     Faith    .   f - +1 scale mail
rPois    .         Spirit   +   (no helmet)
rElec    .         Reflect  .   (no cloak)
rCorr    .         Harm     .   e - +1 pair of gloves
MR       +....                  (no boots)
Stlth    ..........             d - amulet of magic regeneration
HPRegen  0.54/turn              (no ring)
MPRegen  0.38/turn              (no ring)

@: about to teleport, hasted, very quick
A: fangs 3, regeneration 1, magic shield, antimagic bite, no potion heal 3, rot
immunity
a: Fungal Bloom, Evolution, Renounce Religion


You were on level 5 of the Dungeon.
You worshipped Fedhas.
Fedhas was aware of your devotion.
You were not hungry.

You visited 2 branches of the dungeon, and saw 6 of its levels.

You collected 202 gold pieces.

Inventory:

Hand Weapons
 a - a +1 war axe (weapon)
 j - a +0 short sword of draining
 s - a -2 executioner's axe
 u - a +3 dagger
Missiles
 o - 8 tomahawks (quivered)
Armour
 c - a +1 shield (worn)
 e - a +1 pair of gloves (worn)
 f - a +1 scale mail (worn)
Jewellery
 d - an amulet of magic regeneration (around neck)
Wands
 k - a wand of flame (27)
Scrolls
 q - a scroll of identify
 t - a scroll of remove curse
Potions
 g - a potion of lignification
 h - a potion of curing
 l - a potion of heal wounds
 m - a potion of haste
 n - a potion of magic
Books
 p - a book of Minor Magic

   Spells                             Type                      Level
   a - Magic Dart                     Conjuration                  1
   b - Blink                          Translocation                2
   c - Call Imp                       Summoning                    2
   d - Slow                           Hexes                        2
   e - Conjure Flame                  Conjuration/Fire             3
   f - Mephitic Cloud                 Conjuration/Poison/Air       3
Comestibles
 b - 6 rations


   Skills:
 * Level 5.1 Fighting
 * Level 5.1 Axes
 - Level 3.3 Armour
 - Level 3.7 Shields
 + Level 2.5 Spellcasting
 - Level 1.5 Conjurations
 + Level 2.3 Translocations
 - Level 1.6 Poison Magic


You had 7 spell levels left.
You knew the following spells:

 Your Spells              Type           Power        Failure   Level  Hunger
a - Blink                 Tloc           N/A          94%         2    ###....
b - Mephitic Cloud        Conj/Pois/Air  #.......     100%        3    ####...


Dungeon Overview and Level Annotations

Branches:
Dungeon (5/15)             Temple (1/1) D:4

Altars:
Ashenzari
Dithmenos
Elyvilon
Fedhas
Gozag
Hepliaklqana
Kikubaaqudgha
Makhleb
Nemelex Xobeh
Okawaru
Sif Muna
Trog
Uskayaw
Vehumet
Wu Jian
Yredelemnul
The Shining One

Annotations:
D:2 exclusion: upstairs


Innate Abilities, Weirdness & Mutations

You have razor-sharp teeth.
Your natural rate of healing is unusually fast.
When hurt, damage is shared between your health and your magic reserves.
Your bite disrupts and absorbs the magic of your enemies.
Potions cannot restore your health.
You are immune to rotting.


Message History

The troll is lightly wounded.
The troll bites you but does no damage. The troll claws you.
* * * LOW HITPOINT WARNING * * *
The troll claws you!
* * * LOW HITPOINT WARNING * * *
You hit the troll. You bite the troll! You drain its power.
You feel invigorated.
The troll is heavily wounded.
The troll bites you.
* * * LOW HITPOINT WARNING * * *
The troll closely misses you. The troll claws you!
* * * LOW HITPOINT WARNING * * *
As you read the scroll labeled JANTAE OFITY, it crumbles to dust.
It is a scroll of enchant weapon.
Your +0 war axe glows red for a moment.
As you read the scroll labeled XYSHRA BIURGHEODY, it crumbles to dust.
You feel strangely unstable.
It was a scroll of teleportation.
You block the troll's attack. The troll claws you!
You die...
Fedhas appreciates your contribution to the ecosystem.

#..........#.........#
...........#.........#
........W..#
...........#
...........#
...........#
##+###....#
#....#.>..#
#...@T....#
#..<.#....#
###########


You could see a troll.

Vanquished Creatures
  The ghost of Hekarica the Stinger, an amateur DrVM (D:4)
  The ghost of Capnfrog the Ducker, an amateur FeTm of Wu Jian (D:5)
  An ogre (D:4)
  A bullfrog (D:3)
  A scorpion (D:4)
  2 hounds
  2 orc wizards
  A bullfrog skeleton (D:4)
  A centaur skeleton (D:4)
  Jessica (D:3)
  Ijyb (D:3)
  Natasha (twice) (D:3)
  2 worker ants (D:4)
  A howler monkey skeleton (D:4)
  8 adders
  4 gnolls (D:4)
  An ooze (D:3)
  An adder skeleton (D:4)
  3 worms (D:2)
  4 dart slugs
  4 leopard geckos
  9 orcs
  10 bats
  10 giant cockroaches
  4 goblins
  11 hobgoblins
  10 jackals
  9 kobolds
  4 quokkas
  A leopard gecko skeleton (D:4)
  A rat (D:3)
112 creatures vanquished.

Vanquished Creatures (others)
  13 fungi (D:4)
13 creatures vanquished.

Grand Total: 125 creatures vanquished

Notes
Turn   | Place    | Note
-------+----------+-------------------------------------------
     0 | D:1      | Hekarica the Vine Stalker Fighter began the quest for the Orb.
     0 | D:1      | Reached XP level 1. HP: 11/11 MP: 2/2
   146 | D:1      | Reached XP level 2. HP: 5/16 MP: 1/3
   765 | D:2      | Reached XP level 3. HP: 15/19 MP: 2/4
   877 | D:2      | Found a blossoming altar of Fedhas.
   951 | D:2      | Gained mutation: Your natural rate of healing is unusually fast. [Vine Stalker growth]
   951 | D:2      | Reached XP level 4. HP: 7/24 MP: 3/5
  1025 | D:2      | Became a worshipper of Fedhas Madash
  1424 | D:2      | Found a burning altar of Makhleb.
  1424 | D:2      | Noticed an Executioner
  1427 | D:2      | Noticed an orange demon
  1427 | D:2      | Noticed a hellwing
  1595 | D:2      | Reached XP level 5. HP: 28/28 MP: 6/6
  1827 | D:3      | Noticed Jessica
  1834 | D:3      | Killed Jessica
  1956 | D:3      | Reached XP level 6. HP: 32/32 MP: 7/7
  1981 | D:3      | Noticed Natasha
  1990 | D:3      | Killed Natasha
  2035 | D:3      | Reached * piety under Fedhas
  2069 | D:3      | Noticed Natasha
  2077 | D:3      | Killed Natasha
  2130 | D:3      | Learned a level 2 spell: Blink
  2134 | D:3      | Learned a level 3 spell: Mephitic Cloud
  2203 | D:3      | Noticed Ijyb
  2209 | D:3      | Killed Ijyb
  2388 | D:4      | Reached skill level 1 in Spellcasting
  2471 | D:4      | Reached XP level 7. HP: 37/37 MP: 9/9
  2572 | D:4      | Reached skill level 1 in Conjurations
  2572 | D:4      | Reached skill level 1 in Translocations
  2872 | D:4      | Found a staircase to the Ecumenical Temple.
  3078 | Temple   | Entered the Ecumenical Temple
  3431 | D:4      | Noticed Hekarica's ghost (amateur DrVM)
  3448 | D:4      | Killed Hekarica's ghost
  3448 | D:4      | Reached skill level 1 in Poison Magic
  3448 | D:4      | Gained mutation: You have razor-sharp teeth. [Vine Stalker growth]
  3448 | D:4      | Reached XP level 8. HP: 35/42 MP: 10/12
  3741 | D:5      | Entered Level 5 of the Dungeon
  3796 | D:5      | Noticed Capnfrog's ghost (amateur FeTm)
  3797 | D:5      | Noticed a troll
  3873 | D:5      | Killed Capnfrog's ghost
  3873 | D:5      | Reached skill level 5 in Fighting
  3873 | D:5      | Reached skill level 5 in Axes
  3877 | D:5      | HP: 1/43 [troll (2)]
  3879 | D:5      | Slain by a troll

Skill      XL: |  1  2  3  4  5  6  7  8 |
---------------+-------------------------+-----
Shields        | 3 |  3.7
Axes           | 2 3 4 5 |  5.1
Fighting       | 3 4 5 |  5.1
Armour         | 3 |  3.3
Spellcasting   | 1 2 |  2.5
Conjurations   | 1 |  1.5
Translocations | 2 |  2.3
Poison Magic   | 1 |  1.6

Action                   |  1- 3 |  4- 6 |  7- 9 || total
-------------------------+-------+-------+-------++-------
Melee: War axe           |    85 |   176 |   128 ||   389
       Bite              |    19 |    47 |    33 ||    99
Evoke: Wand              |       |       |     3 ||     3
  Use: Scroll            |     4 |     4 |     5 ||    13
       Potion            |     1 |       |     5 ||     6
  Eat: Ration            |       |     2 |     1 ||     3
Armor: Scale mail        |    41 |    87 |    39 ||   167
       Skin              |       |       |    14 ||    14
Dodge: Dodged            |    23 |    50 |    32 ||   105
Block: Shield            |    53 |    94 |    69 ||   216
